 Dungeon Crawl Stone Soup version 0.28.0-53-g5a82cb258f (webtiles) character file.

Game seed: 12320085486971988981

62 kudzoo the Caller (level 4, -1/24 HPs)
             Began as a Tengu Summoner on Aug 8, 2022.
             Slain by a goblin
             ... wielding a +1 dagger of draining
              (4 damage)
             ... on level 2 of the Dungeon.
             The game lasted 00:15:46 (1552 turns).

kudzoo the Caller (Tengu Summoner)                  Turns: 1552, Time: 00:15:47

Health: -1/24      AC:  2    Str:  8    XL:     4   Next: 8%
Magic:  6/8        EV: 12    Int: 18    God:
Gold:   61         SH:  0    Dex: 14    Spells: 5/8 levels left

rFire   . . .      SeeInvis .   (no weapon)
rCold   . . .      Faith    .   (no shield)
rNeg    . . .      Spirit   .   a - +0 robe
rPois   .          Reflect  .   (helmet restricted)
rElec   .          Harm     .   (no cloak)
rCorr   .          Rampage  .   (no gloves)
Will    .....                   (boots unavailable)
Stlth   ++........              (no amulet)
HPRegen 0.08/turn               (no ring)
MPRegen 0.11/turn               (no ring)

@: no status effects
A: beak, talons 3
a: no special abilities


You were on level 2 of the Dungeon.
You visited 1 branch of the dungeon, and saw 2 of its levels.

You collected 61 gold pieces.

Inventory:

Hand Weapons
 c - a +0 dagger
Missiles
 d - 26 stones
 j - 19 arrows
Armour
 a - a +0 robe (worn)
 i - a +0 ring mail
 l - a +0 leather armour
 m - a +0 plate armour
Scrolls
 b - 3 scrolls of identify {unknown}
 f - a scroll of teleportation {unknown}
 g - 2 scrolls of enchant armour {unknown}
Potions
 e - a potion of brilliance {unknown}
 h - 2 potions of ambrosia {unknown}
 k - a potion of berserk rage {unknown}


   Skills:
 * Level 0.4 Fighting
 + Level 2.3 Dodging
 * Level 2.6 Stealth
 + Level 2.5 Spellcasting
 + Level 5.8 Summonings


You had 5 spell levels left.
You knew the following spells:

 Your Spells              Type           Power      Damage    Failure   Level
a - Summon Small Mammal   Summ           92%        N/A       1%          1
b - Call Imp              Summ           23%        N/A       2%          2

Your spell library contained the following spells:

 Spells                   Type           Power      Damage    Failure   Level
 Call Canine Familiar     Summ           23%        N/A       4%          3
 Summon Guardian Golem    Hex/Summ       12%        N/A       16%         3
 Blink                    Tloc           4%         N/A       26%         2
 Summon Lightning Spire   Summ/Air       12%        N/A       45%         4
 Manifold Assault         Tloc           2%         N/A       99%         5
 Storm Form               Tmut/Air       1%         N/A       100%        7


Dungeon Overview and Level Annotations

Branches:
Dungeon (2/15)

Altars:

Annotations:
D:2 Robin


Innate Abilities, Weirdness & Mutations

You have a beak for a mouth.
You have claws for feet.


Message History

Robin hits your quokka but does no damage.
Something misses your bat.
Your bat barely misses the hobgoblin.
Your bat hits the hobgoblin.
Your quokka bites Robin but does no damage.
Your bat hits the hobgoblin but does no damage.
Robin hits your quokka with a +0 dagger.
Your quokka bites Robin but does no damage.
Robin barely misses your quokka.
Your quokka barely misses Robin.
The hobgoblin no longer looks unusually strong.
The hobgoblin hits you. Robin barely misses your quokka.
Your quokka bites Robin but does no damage.
The hobgoblin no longer looks unusually strong.
The hobgoblin hits your quokka.
Your quokka dies!
Your quokka's corpse disappears in a puff of smoke!
Robin throws the goblin at you!
* * * LOW HITPOINT WARNING * * *
The goblin hits you but does no damage.
You see here a bat corpse.
Casting: Summon Small Mammal (safe; 1% risk of failure)
Confirm with . or Enter, or press ? or * to list all spells.
A beastly little devil appears in a puff of flame.
The goblin hits you with a +0 club.
* * * LOW HITPOINT WARNING * * *
Your crimson imp hits the goblin.
The hobgoblin misses your crimson imp.
Your crimson imp blinks!
The goblin no longer looks unusually strong.
The goblin barely misses your crimson imp.
Your crimson imp closely misses the goblin.
The goblin misses your crimson imp.
Your crimson imp misses the goblin.
The goblin closely misses your crimson imp.
Your crimson imp hits the goblin.
The goblin dies!
The hobgoblin hits your crimson imp.
You see here a +0 leather armour.
A goblin comes into view. It is wielding a +1 dagger of draining.
The goblin shouts!
The goblin hits you with a +1 dagger of draining.
You die...

.. ###........###.## ...###
##..........#..#
......####.....>.......##
...†#..................# ###
.......................####..
#.<.)...............#...
#.....<.........###.....
#......g......#.# #.....
#......@..#####.# #.....
#........## #.# ##....
#..##..#.######.# ##...
#...##.##.g.g.##.# #....
.).###.######5##.# #.).. ...#
#.# #.##.# #.... . #...)#
##... . ###5.# ##.. #gg# ###


You could see a hobgoblin and a goblin.

Vanquished Creatures
  A dart slug (D:1)
  A ball python (D:2)
  An endoplasm (D:1)
  4 goblins
  A hobgoblin (D:1)
  A quokka (D:1)
  2 bats (D:1)
  A rat (D:2)
12 creatures vanquished.

Vanquished Creatures (collateral kills)
  An adder skeleton (D:2)
  2 dart slugs
  8 endoplasms
  4 giant cockroaches
  4 goblins (D:2)
  3 hobgoblins
  5 kobolds
  2 bats
  A frilled lizard (D:1)
  4 rats (D:1)
34 creatures vanquished.

Grand Total: 46 creatures vanquished

Notes
Turn   | Place    | Note
-------+----------+-------------------------------------------
     0 | D:1      | kudzoo the Tengu Summoner began the quest for the Orb.
     0 | D:1      | Reached XP level 1. HP: 10/10 MP: 4/4
   111 | D:1      | Reached skill level 5 in Summonings
   402 | D:1      | Reached XP level 2. HP: 12/15 MP: 4/6
   405 | D:1      | Learned a level 2 spell: Call Imp
  1273 | D:1      | Reached XP level 3. HP: 17/19 MP: 5/7
  1451 | D:2      | Found a faded altar of an unknown god.
  1509 | D:2      | Noticed Robin
  1518 | D:2      | Reached XP level 4. HP: 20/24 MP: 5/8
  1539 | D:2      | HP: 1/24 [goblin/+0 club[Robin] (6)]
  1552 | D:2      | Slain by a goblin

Illustrated notes

Levels and vault maps discovered:
D:1:      wheals_arrival_linesprint, layout_rooms, minivault_4
D:2:      layout_rooms, ebering_ecumenical_altar_ruins, minmay_misc_feat_room,
          uniq_robin, uniq_jessica

Skill      XL: |  1 |
---------------+----+-----
Summonings     | 5 |  5.8
Fighting       | |  0.4
Dodging        | |  2.3
Stealth        | |  2.6
Spellcasting   | |  2.5

Action                   |  1- 3 |  4- 6 || total
-------------------------+-------+-------++-------
Melee: Unarmed           |    55 |     1 ||    56
       Kick              |    17 |       ||    17
       Peck              |     9 |       ||     9
 Cast: Summon Small Mamm |    33 |     1 ||    34
       Call Imp          |     4 |     1 ||     5
 Stab: Sleeping          |     1 |       ||     1
Armor: Robe              |    15 |     1 ||    16
Dodge: Dodged            |    38 |     1 ||    39
